 Dungeon Crawl Stone Soup version 0.25-a0-464-g3004169c2b (webtiles) character file.

Game seed: 13395573277911278014, levelgen mode: deterministic

12041 Lugonue the Destroyer (level 11, -43/91 HPs)
             Began as a Black Draconian Conjurer on Feb 4, 2020.
             Was a High Priest of Cheibriados.
             Engulfed by a cloud of freezing vapour (51 damage)
             ... on level 12 of the Dungeon.
             The game lasted 00:41:18 (10187 turns).

Lugonue the Destroyer (Black Draconian Conjurer)   Turns: 10187, Time: 00:41:19

Health: -43/91     AC: 16    Str: 23    XL:     11   Next: 57%
Magic:  32/32      EV: 22    Int: 29    God:    Cheibriados [*****.]
Gold:   498        SH:  0    Dex: 29    Spells: 17/26 levels left

rFire    + . .     SeeInvis .   b - +0 whip (flame)
rCold    . . .     Gourm    .   (no shield)
rNeg     . . .     Faith    .   (armour unavailable)
rPois    +         Spirit   .   c - +2 hat
rElec    +         Reflect  .   O - +0 cloak {rPois}
rCorr    .         Harm     .   x - +2 pair of gloves {Dex+3}
MR       .....     Clarity  +   r - +2 pair of boots
Stlth    ++........             (no amulet)
HPRegen  0.25/turn              m - ring of magical power
MPRegen  0.23/turn              p - ring "Fysoll" {rPois Dex+4}

@: slowed, very slow
A: breathe lightning, unfitting armour, clarity, fire resistance 1, electricity
resistance, cold-blooded, AC +7
a: Breathe Lightning, Bend Time, Temporal Distortion, Slouch, Step From Time,
Renounce Religion


You were on level 12 of the Dungeon.
You worshipped Cheibriados.
Cheibriados was extremely pleased with you.
You were not hungry.

You visited 2 branches of the dungeon, and saw 13 of its levels.
You visited 1 bazaar.
You also visited: Ossuary.

You collected 865 gold pieces.
You spent 367 gold pieces at shops.

Inventory:

Hand Weapons
 a - a +0 whip of venom
 b - a +0 whip of flaming (weapon)
 u - a +1 spear of pain
 F - a cursed +4 morningstar
Missiles
 n - a throwing net (quivered)
Armour
 c - a +2 hat (worn)
 r - a +2 pair of boots (worn)
 w - a +0 shield
 x - a +2 pair of gloves of dexterity (worn)
 M - a +2 cloak
 O - a +0 cloak of poison resistance (worn)
Jewellery
 m - a ring of magical power (left hand)
 p - the ring "Fysoll" (right hand) {rPois Dex+4}
   (You acquired it in an ossuary)

   [ring of dexterity]

   It affects your dexterity (+4).
   It protects you from poison.
 A - an uncursed ring of protection from fire
 D - an uncursed ring of protection from magic
 J - an uncursed ring of fire
 K - an uncursed ring of protection from fire
Wands
 h - a wand of flame (25)
 y - a wand of paralysis (7)
 z - a wand of acid (9)
 B - a wand of scattershot (7)
 N - a wand of iceblast (7)
Scrolls
 d - a scroll of magic mapping
 f - 8 scrolls of remove curse
 i - 2 scrolls of immolation
 o - 2 scrolls of teleportation
 C - a scroll of fog
 G - a scroll of brand weapon {unknown}
 I - 2 scrolls of identify
 L - 2 scrolls of acquirement
Potions
 e - a potion of cancellation {unknown}
 j - 4 potions of lignification
 k - a potion of invisibility
 l - a potion of agility
 q - 4 potions of brilliance
 s - 2 potions of flight
 v - 3 potions of curing
 E - a potion of might {unknown}
 H - a potion of degeneration {unknown}
Comestibles
 t - 17 rations


   Skills:
 + Level 6.6 Fighting
 + Level 8.5 Maces & Flails
 + Level 9.1 Dodging
 - Level 1.7 Stealth
 + Level 8.0 Spellcasting
 + Level 9.2 Conjurations
 + Level 0.4 Necromancy
 + Level 1.6 Transmutations
 - Level 0.2 Earth Magic
 + Level 0.1 Evocations


You had 17 spell levels left.
You knew the following spells:

 Your Spells              Type           Power        Failure   Level  Hunger
a - Magic Dart            Conj           ####         1%          1    None
b - Searing Ray           Conj           ######       1%          2    None
c - Passwall              Tmut/Erth      ###.....     4%          2    None
d - Vampiric Draining     Necr           ##........   12%         3    None
e - Apportation           Tloc           ##....       4%          1    None

Your spell library contained the following spells:

 Spells                   Type           Power        Failure   Level  Hunger
 Dazzling Flash           Conj/Hex       #####.       1%          3    None
 Stone Arrow              Conj/Erth      #####.       1%          3    None
 Animate Skeleton         Necr           N/A          3%          1    None
 Pain                     Necr           ##..         3%          1    None
 Corona                   Hex            ##.....      4%          1    None
 Sandblast                Erth           ##....       4%          1    None
 Summon Small Mammal      Summ           ##..         4%          1    None
 Fulminant Prism          Conj/Hex       #####.....   7%          4    #......
 Iskenderun's Mystic Bla  Conj/Tloc      #####...     7%          4    #......
 Petrify                  Tmut/Erth      ###.....     30%         4    #......
 Animate Dead             Necr           N/A          36%         4    #......
 Agony                    Necr           ##......     71%         5    ####...
 Lee's Rapid Deconstruct  Erth           ##........   75%         5    ####...


Dungeon Overview and Level Annotations

Branches:
Dungeon (12/15)            Temple (1/1) D:7            Lair (0/6) D:8
    Orc (0/2) D:12        Ossuary (visited)

Altars:
Ashenzari
Cheibriados
Elyvilon
Fedhas
Gozag
Hepliaklqana
Kikubaaqudgha
Makhleb
Nemelex Xobeh
Okawaru
Qazlal
Ru
Sif Muna
Trog
Uskayaw
Vehumet
Wu Jian
Xom
Yredelemnul
Zin
The Shining One

Shops:
D:12 [(

Annotations:
D:6 1 runed translucent door, Jroon's ghost, weakling HOBe


Innate Abilities, Weirdness & Mutations

You can breathe wild blasts of lightning.
Your glossy black scales are hard. (AC +7)
You cannot fit into any form of body armour.
You are resistant to electric shocks. (rElec)
You are cold-blooded and may be slowed by cold attacks.
You possess an exceptional clarity of mind.
Your flesh is heat resistant. (rF+)


Message History

You enter the shallow water.
Moving in this stuff is going to be slow.
You are engulfed in freezing vapours.
You feel yourself slow down.
You are engulfed in freezing vapours.
* * * LOW HITPOINT WARNING * * *
Unknown command.
Okay, then.
Unknown command.
Okay, then.
Unknown command.
Okay, then.
Unknown command.
Okay, then.
You feel much better.
You are engulfed in freezing vapours.
* * * LOW HITPOINT WARNING * * *
You enter the shallow water.
Moving in this stuff is going to be slow.
You are engulfed in freezing vapours.
Ouch! That really hurt!
You die...

.# #..# *,,* *,,* .# #..#
*,,* *,,*
.###########..#######,,***,,*
.....................,,,,,,,*
..............>......,,,,,,,*
##..#########..#####,,****,,*
#..# #..####*,,* *,,* #..#
#°☼°°°##,,# *,,* #..#
#.°#@°°#..# *,,* #..#
#.°°☼°○°..# *,,*
#..#*******#..○°°°°○.# *,,*
*#...,,,,.....>##°##☼.#***,,*
,,,,,,,,,......####*.....,,,*
,,,,*****####..# *,....,,,*
**,,* #..# *,,###*,,* *,,*
#.,* *,,* *,,* *,,* *,,* *,,*
*,,*


There were no monsters in sight!

Vanquished Creatures
  Erica (D:9)
  A two-headed ogre (D:8)
  Pikel (D:7)
  A cyclops (D:11)
  2 ugly things (D:11)
  4 trolls
  A hornet (D:11)
  3 wyverns
  11 yaks
  A hungry ghost (D:7)
  A vampire mosquito (D:12)
  A soldier ant (D:10)
  2 ice beasts
  3 orc warriors
  A hornet zombie (D:8)
  4 sky beasts
  3 black bears
  3 ogres
  2 necrophages
  3 centaurs
  A wolf (D:8)
  5 bullfrogs
  A crocodile (D:9)
  A wyvern skeleton (D:8)
  3 scorpions
  2 troll zombies (Ossuary)
  10 wights (D:8)
  4 electric eels (D:8)
  3 howler monkeys (D:9)
  6 crimson imps
  5 centaur zombies
  2 human zombies (Ossuary)
  2 jellies
  A bullfrog zombie (D:8)
  3 orc priests
  9 hounds
  10 orc wizards
  A centaur skeleton (D:5)
  5 iguanas
  6 worker ants
  Natasha (twice) (D:3)
  An ogre zombie (Ossuary)
  A big kobold zombie (Ossuary)
  A hound skeleton (D:9)
  7 mummies (Ossuary)
  14 adders
  3 gnolls (D:8)
  2 howler monkey skeletons
  A shadow imp (D:8)
  An ooze (D:3)
  2 adder skeletons
  3 adder zombies (Ossuary)
  2 worms
  2 dart slugs (D:1)
  10 leopard geckos
  53 orcs
  4 giant cockroaches
  10 goblins
  9 hobgoblins
  5 jackals
  3 quokkas
  5 bats
  5 frilled lizards
  2 goblin zombies (Ossuary)
  3 hobgoblin zombies (Ossuary)
  13 kobolds
  2 kobold zombies (Ossuary)
  A leopard gecko skeleton (D:5)
  A quokka skeleton (D:4)
  9 quokka zombies (Ossuary)
  5 rats
  3 rat zombies (Ossuary)
314 creatures vanquished.

Vanquished Creatures (collateral kills)
  An eye of draining (D:11)
  A crocodile (D:11)
  A crimson imp (D:11)
  2 orcs (D:11)
5 creatures vanquished.

Vanquished Creatures (others)
  A deep elf mage (D:12)
  2 vampire mosquitoes (D:12)
  2 slaves (D:7)
  A hound (D:8)
6 creatures vanquished.

Grand Total: 325 creatures vanquished

Notes
Turn   | Place    | Note
-------+----------+-------------------------------------------
     0 | D:1      | Lugonue the Draconian Conjurer began the quest for the Orb.
     0 | D:1      | Reached XP level 1. HP: 14/14 MP: 3/3
   155 | D:1      | Reached XP level 2. HP: 10/20 MP: 5/5
   666 | D:1      | Reached XP level 3. HP: 23/27 MP: 6/6
   672 | D:1      | Found an iron altar of Okawaru.
  1155 | D:2      | Reached skill level 1 in Fighting
  1270 | D:2      | Reached skill level 1 in Maces & Flails
  1353 | D:2      | Learned a level 2 spell: Searing Ray
  1385 | D:2      | Reached XP level 4. HP: 32/35 MP: 7/7
  1477 | D:2      | Found a blossoming altar of Fedhas.
  1606 | D:3      | Found a white marble altar of Elyvilon.
  1740 | D:3      | Found a shimmering altar of Xom.
  1878 | D:3      | Reached XP level 5. HP: 34/41 MP: 4/8
  2094 | D:3      | Noticed Natasha
  2098 | D:3      | Killed Natasha
  2141 | D:3      | Found a basalt altar of Yredelemnul.
  2195 | D:3      | Reached XP level 6. HP: 28/48 MP: 4/10
  2213 | D:3      | Reached skill level 5 in Conjurations
  2265 | D:3      | You fall into a shaft and drop 1 floor!
  2504 | D:3      | Noticed Natasha
  2513 | D:3      | Killed Natasha
  3047 | D:4      | Your scales start taking on a glossy black colour.
  3047 | D:4      | Reached XP level 7. HP: 56/56 MP: 12/12
  3047 | D:4      | Gained mutation: You are resistant to electric shocks.
                  | (rElec) [Black Draconian growth]
  3378 | D:5      | Entered Level 5 of the Dungeon
  3817 | D:5      | Found a shattered altar of Ashenzari.
  4338 | D:6      | Reached XP level 8. HP: 63/63 MP: 14/14
  4668 | D:6      | Found a runed translucent door.
  4675 | D:6      | Found a sand-covered staircase.
  4691 | Ossuary  | Entered an ossuary
  5117 | Ossuary  | Reached skill level 5 in Spellcasting
  5238 | Ossuary  | Learned a level 2 spell: Passwall
  5245 | Ossuary  | Identified a scroll of acquirement
  5245 | Ossuary  | Identified the ring "Fysoll" {rPois Dex+4} (You acquired it
                  | in an ossuary)
  5279 | Ossuary  | Gained mutation: Your flesh is heat resistant. (rF+)
                  | [potion of mutation]
  5279 | Ossuary  | Gained mutation: You possess an exceptional clarity of
                  | mind. [potion of mutation]
  5324 | D:6      | Reached skill level 5 in Dodging
  5407 | D:6      | Noticed Jroon's ghost (weakling HOBe)
  5739 | D:7      | Reached skill level 5 in Maces & Flails
  5855 | D:7      | Noticed Pikel
  5870 | D:7      | Killed Pikel
  5870 | D:7      | Reached XP level 9. HP: 48/71 MP: 16/16
  6179 | D:7      | Found a staircase to the Ecumenical Temple.
  6202 | Temple   | Entered the Ecumenical Temple
  6318 | Temple   | Became a worshipper of Cheibriados the Contemplative
  6765 | D:7      | Reached skill level 5 in Fighting
  7256 | D:8      | Noticed a troll
  7262 | D:8      | Killed a troll
  7262 | D:8      | Reached * piety under Cheibriados
  7310 | D:8      | Reached XP level 10. HP: 31/81 MP: 13/18
  7530 | D:8      | Found a staircase to the Lair.
  7645 | D:8      | Noticed a two-headed ogre
  7664 | D:8      | Killed a two-headed ogre
  7886 | D:8      | Reached ** piety under Cheibriados
  7925 | D:8      | Found an opulent altar of Gozag.
  7927 | D:8      | Found a burning altar of Makhleb.
  7929 | D:8      | Found an iron altar of Okawaru.
  7930 | D:8      | Found an ornate altar of the Wu Jian Council.
  7964 | D:9      | Noticed Erica
  7975 | D:9      | HP: 2/83 [something (3)]
  8320 | D:9      | Killed Erica
  8324 | D:9      | Reached skill level 1 in Transmutations
  8342 | D:10     | Entered Level 10 of the Dungeon
  8425 | D:10     | Reached *** piety under Cheibriados
  8506 | D:10     | Reached XP level 11. HP: 28/89 MP: 6/21
  8640 | D:10     | Reached **** piety under Cheibriados
  8972 | D:10     | Learned a level 3 spell: Vampiric Draining
  9065 | D:11     | Noticed a white ugly thing
  9078 | D:11     | Killed a white ugly thing
  9324 | D:11     | Reached ***** piety under Cheibriados
  9571 | D:11     | Noticed a white ugly thing
  9594 | D:11     | Killed a green ugly thing
  9892 | D:12     | Killed a deep elf mage
  9895 | D:12     | Found Catealon's Weapon Boutique.
  9903 | D:12     | Learned a level 1 spell: Apportation
  9913 | D:12     | Found a staircase to the Orcish Mines.
  9915 | D:12     | Found Zuumm's Armour Boutique.
  9998 | D:12     | Found a flickering gateway to a bazaar.
 10012 | Bazaar   | Entered a bazaar
 10031 | Bazaar   | Found Hogoqeuc's Antique Armour Emporium.
 10088 | Bazaar   | Found Suref's Assorted Antiques.
 10101 | Bazaar   | Found Kauvihok's Antique Armour Shoppe.
 10111 | Bazaar   | Bought a pair of embroidered gloves for 210 gold pieces
 10137 | Bazaar   | Bought an embroidered cloak for 157 gold pieces
 10187 | D:12     | Engulfed by a cloud of freezing vapour

Levels and vault maps discovered:
D:1:      dpeg_arrival_windows_large_door, layout_loops_ring, eino_curves_03,
          minmay_misc_feat_secret_circle, okawaru_ov_weapons_minmay
D:2:      minmay_spotlight, layout_basic, fedhas_ov_isle_minmay
D:3:      layout_basic, lemuel_doored_altar, marbit_many_paths,
          lemuel_round_altar, minmay_box_of_dots, uniq_natasha
D:4:      layout_rooms, first_ration
D:5:      wad_lake_hut, layout_loops_ring, kennysheep_mini,
          hangedman_decor_riveting, wad_floor_pattern_2, dk_noncrumbling_3
D:6:      layout_basic, hellmonk_ghost_happy_afterlife,
          nicolae_ossuary_entry_ruins, kennysheep_dice
D:7:      layout_basic, minmay_temple_entry_hall, uniq_pikel
D:8:      layout_loops_ring, minitemple, erik_lair_island
D:9:      layout_rooms, serial_shops, shop, uniq_erica
D:10:     layout_basic, serial_rivers, chequers_serial_rivers_micro_d,
          chequers_serial_rivers_micro_a, chequers_serial_rivers_small_3,
          chequers_serial_rivers_small_b, chequers_serial_rivers_small_b
D:11:     layout_rooms
D:12:     layout_small_grid, orc_david_3, serial_shops, freezing_bzr,
          uniq_erolcha, uniq_snorg
Temple:   minmay_temple_forest_path

Skill      XL: |  1  2  3  4  5  6  7  8  9 10 11 |
---------------+----------------------------------+-----
Dodging        | 2 3 4 5 7 8 9 |  9.1
Fighting       | 1 2 3 4 5 6 |  6.6
Maces & Flails | 1 2 3 6 7 8 |  8.5
Conjurations   | 5 6 7 8 9 |  9.2
Spellcasting   | 3 4 5 7 8 |  8.0
Transmutations | 1 |  1.6
Stealth        | |  1.7
Necromancy     | |  0.4
Earth Magic    | |  0.2
Evocations     | |  0.1

Action                   |  1- 3 |  4- 6 |  7- 9 | 10-12 || total
-------------------------+-------+-------+-------+-------++-------
Melee: Whip              |    72 |    92 |   265 |   194 ||   623
       Unarmed           |     7 |       |       |       ||     7
       Tailslap          |     3 |     8 |    34 |    58 ||   103
Throw: Throwing net      |       |       |       |     2 ||     2
 Cast: Magic Dart        |    50 |    93 |    65 |   158 ||   366
       Searing Ray       |       |     9 |    46 |    57 ||   112
       Passwall          |       |       |       |     4 ||     4
       Apportation       |       |       |       |     5 ||     5
       Vampiric Draining |       |       |       |     1 ||     1
 Abil: Breathe Lightning |       |       |     7 |     6 ||    13
Evoke: Wand              |       |       |       |     2 ||     2
  Use: Potion            |     1 |       |     1 |     4 ||     6
       Scroll            |       |     8 |    16 |     6 ||    30
 Stab: Sleeping          |     2 |     1 |     6 |     1 ||    10
       Held in net/web   |       |       |       |     2 ||     2
  Eat: Chunk             |     2 |     6 |     9 |     4 ||    21
       Ration            |       |       |     3 |     1 ||     4
Armor: Skin              |    22 |    41 |   100 |    68 ||   231
Dodge: Dodged            |    61 |    95 |   233 |   283 ||   672

Table legend:
 A = Non-vault XP
 B = Vault XP
 C = Vault XP percentage of total XP
 D = Non-vault monster count
 E = Vault monster count
 F = Vault count percentage of total count
                 A         B        C        D         E       F
            +---------+---------+-------+---------+---------+-------
      Total |   14202 |    3000 |  17.4 |     266 |      54 |  16.9
            +---------+---------+-------+---------+---------+-------
        D:1 |      45 |       0 |   0.0 |      25 |       0 |   0.0
        D:2 |      74 |       2 |   2.6 |      24 |       1 |   4.0
        D:3 |     406 |      41 |   9.2 |      40 |       4 |   9.1
        D:4 |     325 |       0 |   0.0 |      13 |       0 |   0.0
        D:5 |     458 |       0 |   0.0 |       7 |       0 |   0.0
        D:6 |     388 |       2 |   0.5 |      13 |       1 |   7.1
        D:7 |    1632 |     651 |  28.5 |      22 |       1 |   4.3
        D:8 |    2420 |     695 |  22.3 |      29 |       8 |  21.6
        D:9 |    1417 |     950 |  40.1 |      24 |       1 |   4.0
       D:10 |    1638 |       0 |   0.0 |      34 |       0 |   0.0
       D:11 |    5182 |       0 |   0.0 |      33 |       0 |   0.0
       D:12 |     217 |     130 |  37.5 |       2 |       1 |  33.3
    Ossuary |       0 |     529 | 100.0 |       0 |      37 | 100.0
            +---------+---------+-------+---------+---------+-------
